 Dungeon Crawl Stone Soup version 0.17.0-24-gcfadda4 (webtiles) character file.

7348 ketsa the Cleaver (level 11, -7/84 HPs)
             Began as a Human Berserker on Nov 16, 2015.
             Was an Elder of Trog.
             Shot with a sling bullet by Joseph (12 damage)
             ... on level 9 of the Dungeon.
             The game lasted 00:47:47 (15104 turns).

ketsa the Cleaver (Human Berserker)                Turns: 15104, Time: 00:47:47

Health: -7/84      AC: 14    Str: 20    XL:     11   Next: 35%
Magic:  0/14       EV:  7    Int:  7    God:    Trog [****..]
Gold:   536        SH:  0    Dex: 14    Spells: 0 memorised, 10 levels left

rFire  + . .     SeeInvis .     f - +0 battleaxe
rCold  . . .     Clarity  .     F - -2 plate armour (curse)
rNeg   . . .     SustAt   .     (shield currently unavailable)
rPois  .         Gourm    .     (no helmet)
rElec  .         Spirit   +     L - +0 cloak
rCorr  .         Warding  .     (no gloves)
rMut   .         Stasis   .     g - +0 pair of boots
MR     .....                    e - amulet of guardian spirit
Stlth  ..........               Y - ring of invisibility
                                r - ring of protection from fire

@: about to teleport, not resistant to hostile enchantments, extremely
unstealthy
A: no striking features
a: Berserk, Trog's Hand, Brothers in Arms, Burn Spellbooks, Renounce Religion,
Evoke Invisibility


You were on level 9 of the Dungeon.
You worshipped Trog.
Trog was greatly pleased with you.
You were near starving.

You visited 2 branches of the dungeon, and saw 10 of its levels.
You also visited: Ossuary.

You collected 536 gold pieces.

Inventory:

Hand Weapons
 f - a +0 battleaxe (weapon)
 K - the +7 rapier of Regicide {pierce, rPois}
   (You found it on level 5 of the Dungeon)

   It inflicts extra damage upon your enemies.
   It protects you from poison.
 U - a +2 long sword of holy wrath
Missiles
 b - 14 tomahawks (quivered)
 h - 6 javelins
 k - 244 stones
 l - 8 needles of slowing
 m - 16 curare-tipped needles
 t - 2 poisoned javelins
Armour
 g - a +0 pair of boots (worn)
 F - a cursed -2 plate armour (worn)
 L - a +0 cloak (worn)
 O - the +5 shield of Ihezufio {*Drain rElec rPois Stlth+, unknown}
   (You found it on level 5 of the Dungeon)

   It insulates you from electricity.
   It protects you from poison.
   It causes draining when unequipped.
   It makes you more stealthy.
 Q - a +0 buckler
 S - a +1 ring mail of fire resistance
Jewellery
 e - an amulet of guardian spirit (around neck)
 r - a ring of protection from fire (left hand)
 Y - a ring of invisibility (right hand)
Wands
 a - a wand of enslavement (11)
 I - a wand of draining (2)
 N - a wand of flame (39)
Scrolls
 i - a scroll of blinking {unknown}
 j - a scroll of immolation {unknown}
 n - a scroll of remove curse
 p - a scroll of fear
 q - a scroll of teleportation
 s - a scroll of silence {unknown}
 v - a scroll of enchant armour {unknown}
 w - a scroll of vulnerability {unknown}
 x - 13 scrolls of identify
 y - a scroll of enchant weapon {unknown}
 A - a scroll of brand weapon {unknown}
 C - a scroll of noise {unknown}
 M - a scroll of amnesia
 P - a scroll of fog
 V - a scroll of magic mapping
Potions
 u - a potion of agility
 z - 2 potions of might
 B - a potion of lignification {unknown}
 E - a potion of magic {unknown}
 T - a potion of beneficial mutation {unknown}
 W - a potion of flight {unknown}
 X - a potion of resistance {unknown}
Comestibles
 c - 3 bread rations
 d - 3 beef jerkies
 o - 8 chunks of flesh
 H - 10 royal jellies
 J - 2 meat rations


   Skills:
 + Level 7.1 Fighting
 - Level 4.7 Short Blades
 * Level 10.7 Axes
 - Level 3.1 Throwing
 + Level 8.4 Armour
 - Level 3.0 Dodging
 + Level 5.1 Evocations


You had 10 spell levels left.
You didn't know any spells.

Dungeon Overview and Level Annotations

Branches:
Dungeon (9/15)             Temple (1/1) D:6
   Lair: D:8-11         Orc: D:9-12

Altars:
Ashenzari
Cheibriados
Dithmenos
Elyvilon
Fedhas
Gozag
Kikubaaqudgha
Makhleb
Nemelex Xobeh
Okawaru
Qazlal
Ru
Sif Muna
Trog
Vehumet
Xom
Yredelemnul
Zin
The Shining One

Shops:
D:9 }

Annotations:
D:4 exclusion: statue
D:9 Joseph


Message History

* * * LOW HITPOINT WARNING * * *
You are engulfed in flames!
You resist.
* * * LOW HITPOINT WARNING * * *
Drink which item? (? for menu, Esc to quit)
You feel better. The hungry ghost barely misses you.
The red ugly thing trunk-slaps you.
* * * LOW HITPOINT WARNING * * *
You are engulfed in flames!
You resist.
* * * LOW HITPOINT WARNING * * *
Drink which item? (? for menu, Esc to quit)
Okay, then.
You're too hungry to go berserk.
Read which item? (? for menu, Esc to quit)
As you read the scroll of fear, it crumbles to dust.
You assume a fearsome visage.
Joseph easily resists.
The hungry ghost is unaffected.
The red ugly thing looks frightened!
The hungry ghost hits you.
You are near starving!
Joseph shoots a sling bullet.
The sling bullet hits you!
You die...

.......<..............
..............#######.
..########....'.....#.
#......#....#.....#.
#......#....#.....##
#.....@'...o#......#
#......#....########
#......#............
#..@.u.#.....oo..... .
#..W...#.#######.... ...
#......#.#.....#...#
.....#'######.#.....#....
...............#.....#...#
...............#.....#....
...####........#.....'...#
.. ###......#.....##...
#......#......#.##


You could see a red ugly thing (fleeing), Joseph and a hungry ghost.

Vanquished Creatures
  The ghost of Juudaz the Skirmisher, a novice FoFi of Okawaru (D:5)
  The ghost of Ohshi the Magician, a novice DEFE (D:7)
  A queen bee (D:8)
  Prince Ribbit (D:6)
  9 yaks (D:9)
  2 water moccasins (D:7)
  3 sky beasts
  A black bear (D:7)
  3 ogres
  5 orc warriors
  A phantom (D:7)
  A big kobold (D:6)
  Blork the orc (D:6)
  3 giant frogs
  A gnoll sergeant (D:7)
  14 scorpions
  17 killer bees (D:8)
  3 hounds
  A giant frog zombie (D:9)
  3 crimson imps
  3 giant frog skeletons
  A jelly (D:9)
  Crazy Yiuf (D:5)
  2 centaur zombies (Ossuary)
  11 orc priests
  10 orc wizards
  6 worker ants
  3 big kobold zombies (Ossuary)
  A hound zombie (D:8)
  3 mummies (Ossuary)
  A worker ant zombie (D:7)
  3 gnolls (D:7)
  19 adders
  2 scorpion zombies (Ossuary)
  4 shadow imps
  An ooze (D:3)
  2 adder zombies
  An adder skeleton (D:9)
  3 worms
  4 giant geckos
  44 orcs
  A ball python (D:5)
  11 bats
  5 giant cockroaches
  9 goblins
  11 hobgoblins
  16 jackals
  3 quokkas
  A ball python skeleton (D:9)
  5 giant newts
  2 gnoll zombies (Ossuary)
  3 goblin zombies (Ossuary)
  A hobgoblin zombie (Ossuary)
  A jackal zombie (D:7)
  13 kobolds
  A kobold zombie (D:4)
  An orc zombie (Ossuary)
  2 quokka zombies
  11 rats
  A rat zombie (D:4)
  2 fungi (D:5)
297 creatures vanquished.

Vanquished Creatures (others)
  An orc wizard (D:4)
  A kobold zombie (Ossuary)
2 creatures vanquished.

Grand Total: 299 creatures vanquished

Notes
Turn   | Place    | Note
--------------------------------------------------------------
     0 | D:1      | ketsa the Human Berserker began the quest for the Orb.
     0 | D:1      | Reached XP level 1. HP: 18/18 MP: 1/1
   285 | D:1      | Reached XP level 2. HP: 21/24 MP: 2/2
   675 | D:1      | Reached ** piety under Trog
   675 | D:1      | Reached XP level 3. HP: 29/29 MP: 3/3
  1670 | D:2      | Reached skill level 4 in Axes
  1673 | D:2      | Reached XP level 4. HP: 13/35 MP: 4/4
  2393 | D:2      | Reached XP level 5. HP: 41/41 MP: 5/5
  3203 | D:3      | Reached *** piety under Trog
  3428 | D:3      | Found a bloodstained altar of Trog.
  3448 | D:3      | Reached skill level 5 in Axes
  3450 | D:3      | Reached XP level 6. HP: 47/47 MP: 6/6
  4053 | D:3      | Found a basalt altar of Yredelemnul.
  4836 | D:4      | Reached skill level 6 in Axes
  4845 | D:4      | Reached XP level 7. HP: 52/52 MP: 7/7
  4911 | D:4      | Found a sand-covered staircase.
  4923 | Ossuary  | Entered an ossuary
  5587 | Ossuary  | Reached skill level 7 in Axes
  5742 | Ossuary  | Reached XP level 8. HP: 58/58 MP: 8/8
  5799 | Ossuary  | Reached skill level 5 in Armour
  6163 | Ossuary  | Reached skill level 8 in Axes
  6976 | D:4      | Found a radiant altar of Vehumet.
  7087 | D:5      | Entered Level 5 of the Dungeon
  7109 | D:5      | Found a shadowy altar of Dithmenos.
  7352 | D:5      | Reached **** piety under Trog
  7352 | D:5      | Reached skill level 1 in Throwing
  7401 | D:5      | Noticed Juudaz's ghost (novice FoFi)
  7683 | D:5      | Noticed Crazy Yiuf
  7690 | D:5      | Killed Crazy Yiuf
  7690 | D:5      | Reached XP level 9. HP: 64/64 MP: 9/9
  7902 | D:5      | Killed Juudaz's ghost
  7902 | D:5      | Reached skill level 9 in Axes
  8215 | D:5      | Got a bloodstained rapier
  8407 | D:5      | Got a distressingly furry shield
  8709 | D:5      | Found a blossoming altar of Fedhas.
  9007 | D:6      | Noticed Blork the orc
  9026 | D:6      | Killed Blork the orc
  9167 | D:6      | Identified the +7 rapier of Regicide {pierce, rPois} (You found it on level 5 of the Dungeon)
  9218 | D:6      | Reached skill level 1 in Evocations
  9251 | D:6      | Reached skill level 1 in Short Blades
  9399 | D:6      | Found a glowing golden altar of the Shining One.
  9686 | D:6      | Reached skill level 5 in Fighting
  9787 | D:6      | Found a staircase to the Ecumenical Temple.
  9787 | D:6      | Noticed Prince Ribbit
  9797 | D:6      | Killed Prince Ribbit
  9797 | D:6      | Reached XP level 10. HP: 69/74 MP: 11/11
  9929 | Temple   | Entered the Ecumenical Temple
 10695 | D:7      | Identified the Collected Works on the Supportive Glacier
 10700 | D:7      | Found a shimmering altar of Xom.
 10700 | D:7      | Found a shimmering altar of Xom.
 10701 | D:7      | Found a shimmering altar of Xom.
 10703 | D:7      | Found a shimmering altar of Xom.
 10703 | D:7      | Found a shimmering altar of Xom.
 10704 | D:7      | Found a shimmering altar of Xom.
 10713 | D:7      | Noticed Ohshi's ghost (novice DEFE)
 11269 | D:7      | Killed Ohshi's ghost
 11269 | D:7      | Reached skill level 10 in Axes
 11552 | D:7      | Found a shattered altar of Ashenzari.
 13880 | D:9      | Reached XP level 11. HP: 83/83 MP: 14/14
 14027 | D:9      | Noticed Joseph
 14130 | D:9      | Found a sparkling altar of Nemelex Xobeh.
 14524 | D:9      | Reached skill level 5 in Evocations
 14915 | D:9      | Received a gift from Trog
 14980 | D:9      | Found Fidachyci's Gadget Shop.
 15095 | D:9      | Noticed a red ugly thing
 15103 | D:9      | HP: 4/84 [red ugly thing (7)]
 15104 | D:9      | Shot with a sling bullet by Joseph

Action                   |  1- 3 |  4- 6 |  7- 9 | 10-12 || total
-------------------------+-------+-------+-------+-------++-------
Melee: Hand axe          |   135 |   317 |   466 |       ||   918
       Rapier            |       |       |    62 |   397 ||   459
       Battleaxe         |       |       |       |    18 ||    18
Throw: Tomahawk          |       |    23 |    30 |    11 ||    64
       Javelin           |       |       |     1 |       ||     1
Invok: Berserk           |     1 |     7 |    14 |     6 ||    28
       Trog's Hand       |       |     3 |     7 |     6 ||    16
  Use: Scroll            |       |     3 |     1 |     8 ||    12
       Potion            |       |       |     6 |     5 ||    11
 Stab: Sleeping          |     1 |       |       |       ||     1
  Eat: Fruit             |     2 |       |     3 |       ||     5
       Chunk             |     1 |    18 |    14 |    14 ||    47
       Meat ration       |       |       |     2 |     2 ||     4
       Beef jerky        |       |       |     2 |     1 ||     3
       Pizza             |       |       |     1 |       ||     1
